 Dungeon Crawl Stone Soup version 0.24.0-13-gcf9b319 (webtiles) character file.

Game seed: 11780669955648221994, levelgen mode: deterministic

3423 Bronimir the Poker (level 9, -5/72 HPs)
             Began as a Centaur Warper on Mar 28, 2020.
             Was an Initiate of Okawaru.
             Slain by a wight
             ... wielding a cursed +3 halberd of freezing
              (13 damage)
             ... on level 8 of the Dungeon.
             The game lasted 00:35:39 (10725 turns).

Bronimir the Poker (Centaur Warper)                Turns: 10725, Time: 00:35:40

Health: -5/72      AC:  7    Str: 24    XL:     9   Next: 76%
Magic:  8/13       EV:  9    Int: 12    God:    Okawaru [......]
Gold:   582        SH:  0    Dex:  9    Spells: 2/14 levels left

rFire    + . .     SeeInvis +   a - +3 trident
rCold    . . .     Gourm    .   (no shield)
rNeg     . . .     Faith    .   K - +0 leather armour
rPois    .         Spirit   .   (no helmet)
rElec    .         Reflect  .   y - +1 cloak
rCorr    .         Harm     .   A - +0 pair of gloves
MR       .....                  (no barding)
Stlth    ..........             q - amulet of regeneration
HPRegen  0.62/turn              l - ring of see invisible
MPRegen  0.13/turn              z - +5 ring of strength

@: heavily drained, very quick
A: large, hooves 3, deformed body, fire resistance 1, speed 2, strong 1, tough
skin 3
a: Renounce Religion


You were on level 8 of the Dungeon.
You worshipped Okawaru.
Okawaru was noncommittal.
You were not hungry.

You visited 2 branches of the dungeon, and saw 9 of its levels.
You also visited: Ossuary.

You collected 582 gold pieces.

Inventory:

Hand Weapons
 a - a +3 trident (weapon)
 b - a +2 shortbow of velocity
 w - a +0 battleaxe
 E - a +0 hand axe of freezing
 N - a +3 quarterstaff of chaos
Missiles
 c - 333 stones
 e - 5 boomerangs of dispersal
 s - 43 poisoned darts (quivered)
 B - 3 boomerangs
 G - 69 arrows
 P - 31 bolts
 Q - 23 sling bullets
Armour
 i - the +3 salamander hide armour {+Rage rF++}
   (You found it on level 7 of the Dungeon)

   It greatly protects you from fire.
   It lets you go berserk.
 x - a +0 ring mail
 y - a +1 cloak (worn)
 A - a +0 pair of gloves (worn)
 J - a +0 cloak
 K - a +0 leather armour (worn)
 O - a +1 robe of the Archmagi
Jewellery
 l - a ring of see invisible (left hand)
 q - an amulet of regeneration (around neck)
 z - a +5 ring of strength (right hand)
 H - an uncursed amulet of the acrobat {unknown}
Wands
 C - a wand of random effects (24)
Scrolls
 d - 4 scrolls of blinking
 g - 7 scrolls of remove curse
 m - a scroll of teleportation
 o - 5 scrolls of identify
 D - a scroll of brand weapon {unknown}
 F - 2 scrolls of magic mapping
 I - a scroll of enchant armour
 L - 3 scrolls of immolation {unknown}
Potions
 h - a potion of haste
 j - 5 potions of brilliance
 k - a potion of magic {unknown}
 n - a potion of ambrosia {unknown}
 p - 2 potions of agility
 r - 2 potions of flight {unknown}
 t - 2 potions of might {unknown}
 u - 3 potions of lignification
 v - 7 potions of curing
 M - a potion of cancellation {unknown}
Comestibles
 f - 11 rations


   Skills:
 * Level 4.4(2.1) Fighting
 + Level 5.3(3.5) Polearms
 + Level 4.0(2.9) Staves
 * Level 3.3(1.0) Bows
 + Level 1.8(0.0) Throwing
 * Level 4.0(1.7) Armour
 + Level 2.9(0.7) Dodging
 * Level 3.0(0.7) Spellcasting
 + Level 1.3(0.0) Conjurations
 * Level 1.4(0.0) Hexes
 - Level 0.8(0.0) Charms
 * Level 4.7(2.3) Summonings
 * Level 4.1(1.8) Translocations
 * Level 2.3(0.1) Evocations


You had 2 spell levels left.
You knew the following spells:

 Your Spells              Type           Power        Failure   Level  Hunger
a - Blink                 Tloc           N/A          26%         2    ###....
b - Shroud of Golubria    Chrm/Tloc      #.....       36%         2    ###....
c - Call Imp              Summ           #.......     22%         2    ###....
d - Magic Dart            Conj           #...         34%         1    ##.....
e - Mephitic Cloud        Conj/Pois/Air  #.......     71%         3    ####...
f - Slow                  Hex            #.......     47%         2    ###....

Your spell library contained the following spells:

 Spells                   Type           Power        Failure   Level  Hunger
 Corona                   Hex            #......      34%         1    ##.....
 Ensorcelled Hibernation  Hex/Ice        #.....       47%         2    ###....
 Gell's Gravitas          Tloc           #.........   45%         3    ####...
 Lesser Beckoning         Tloc           #.........   45%         3    ####...
 Teleport Other           Tloc           #.......     45%         3    ####...
 Confuse                  Hex            #.......     71%         3    ####...
 Conjure Flame            Conj/Fire      #.......     71%         3    ####...
 Dazzling Spray           Conj/Hex       #.....       71%         3    ####...
 Tukima's Dance           Hex            #.......     71%         3    ####...
 Passage of Golubria      Tloc           N/A          86%         4    #####..


Dungeon Overview and Level Annotations

Branches:
Dungeon (8/15)             Temple (1/1) D:7         Ossuary (visited)
   Lair: D:8-11

Altars:
Ashenzari
Cheibriados
Dithmenos
Fedhas
Gozag
Hepliaklqana
Kikubaaqudgha
Nemelex Xobeh
Okawaru
Qazlal
Ru
Sif Muna
Trog
Uskayaw
Wu Jian
Xom
Yredelemnul
The Shining One

Annotations:
D:6 Eustachio


Innate Abilities, Weirdness & Mutations

You have hooves in place of feet.
Armour fits poorly on your strangely shaped body.
You cover ground very quickly.
You have extremely tough skin. (AC +3)
Your flesh is heat resistant. (rF+)
Your muscles are strong. (Str +2)


Message History

You are too injured to fight recklessly!
You are too injured to fight recklessly!
You are too injured to fight recklessly!
Unknown command.
Attack whom?
Press: ? - help, Dir - move target cursor, f/p - wight
Aim: a wight, wielding a +3 halberd of freezing and wearing a +0 robe (moderately damaged)
You reach to attack!
You barely miss the wight.
The wight is moderately damaged.
Your crimson imp closely misses the wight.
The wight hits you from afar with a cursed +3 halberd of freezing!
* * * LOW HITPOINT WARNING * * *
You feel drained.
* * * LOW HITPOINT WARNING * * *
The wight freezes you.
* * * LOW HITPOINT WARNING * * *
Your crimson imp hits the wight.
Your crimson imp hits the wight but does no damage.
The wight hits you from afar with a cursed +3 halberd of freezing!
You die...

.#.##..##.........#
.#.##.##.##..#...#
.'.##.########.. #
.#.#..# .#...##
##.### ##.# .#.#
########### ...#
##.....@...## ##.#
#....###....######..
##.### ###.[###
##z.........#
##...###...##
#5.###+#####
.........### #...#
........## #...##
.###....# #..### ##
#....# #.# ##.#.##
##


You could see a wight and a friendly crimson imp.

Vanquished Creatures
  Pikel (D:7)
  Sigmund (D:4)
  A water moccasin (shapeshifter) (D:6)
  5 sky beasts
  2 phantoms
  An ogre (D:4)
  3 centaurs
  An elf zombie (Ossuary)
  2 bullfrogs (D:7)
  2 scorpions
  8 wights
  2 howler monkeys
  A vampire bat (D:7)
  A centaur zombie (D:7)
  3 crimson imps
  A human zombie (Ossuary)
  2 hounds (D:8)
  A quasit (D:6)
  A jelly (D:8)
  2 orc priests
  A bullfrog skeleton (D:4)
  3 orc wizards
  2 worker ants
  3 iguanas
  A hound zombie (Ossuary)
  A hound skeleton (D:4)
  5 mummies
  A howler monkey zombie (D:6)
  A worker ant zombie (D:7)
  12 adders
  3 oozes
  2 adder zombies (Ossuary)
  3 worms
  A dart slug (D:4)
  5 leopard geckos
  14 orcs
  2 ball pythons (D:4)
  9 bats
  A bat skeleton (D:7)
  5 bat zombies (D:7)
  4 giant cockroaches
  2 gnoll zombies (Ossuary)
  2 goblins (D:2)
  9 hobgoblins
  7 jackals
  4 quokkas
  7 frilled lizards
  A goblin zombie (Ossuary)
  2 hobgoblin zombies (Ossuary)
  A jackal zombie (Ossuary)
  11 kobolds
  A quokka skeleton (D:6)
  A quokka zombie (D:5)
  4 rats
  A rat zombie (Ossuary)
173 creatures vanquished.

Vanquished Creatures (collateral kills)
  Edmund (D:5)
  An ogre (D:6)
  Crazy Yiuf (D:5)
  An iguana (D:4)
4 creatures vanquished.

Vanquished Creatures (others)
  A slave (D:7)
1 creature vanquished.

Grand Total: 178 creatures vanquished

Notes
Turn   | Place    | Note
-------+----------+-------------------------------------------
     0 | D:1      | Bronimir the Centaur Warper began the quest for the Orb.
     0 | D:1      | Reached XP level 1. HP: 17/17 MP: 3/3
    57 | D:1      | Reached skill level 1 in Armour
   230 | D:1      | Reached XP level 2. HP: 24/24 MP: 4/4
   241 | D:1      | Learned a level 2 spell: Blink
   244 | D:1      | Learned a level 2 spell: Shroud of Golubria
   390 | D:1      | Reached skill level 2 in Polearms
   930 | D:2      | Reached XP level 3. HP: 19/29 MP: 3/5
  1640 | D:2      | Found a stormy altar of Qazlal.
  2018 | D:3      | Reached XP level 4. HP: 33/37 MP: 3/6
  2633 | D:4      | Reached XP level 5. HP: 32/42 MP: 7/7
  2720 | D:4      | Learned a level 2 spell: Call Imp
  2722 | D:4      | Learned a level 1 spell: Magic Dart
  2740 | D:4      | Noticed an ogre
  2750 | D:4      | Reached skill level 3 in Polearms
  2817 | D:4      | Killed an ogre
  2817 | D:4      | Reached skill level 1 in Summonings
  2817 | D:4      | Reached XP level 6. HP: 29/50 MP: 8/8
  2838 | D:4      | HP: 1/50 [orc priest/+0 flail (7)]
  3240 | D:4      | Found a shattered altar of Ashenzari.
  3707 | D:4      | Noticed Sigmund
  3742 | D:4      | Killed Sigmund
  3742 | D:4      | Reached skill level 4 in Polearms
  3742 | D:4      | Reached XP level 7. HP: 24/56 MP: 1/9
  4000 | D:4      | Found a shadowy altar of Dithmenos.
  4238 | D:5      | Entered Level 5 of the Dungeon
  4584 | D:5      | Noticed Edmund
  4636 | D:5      | Killed Edmund
  4920 | D:5      | Found a runed translucent door.
  4921 | D:5      | Noticed Crazy Yiuf
  4942 | D:5      | Killed Crazy Yiuf
  5561 | D:6      | Noticed a shapeshifter
  5561 | D:6      | a jackal changed into a shapeshifter
  5561 | D:6      | a shapeshifter changed into an eye of draining
  5588 | D:6      | Noticed a blink frog
  5598 | D:6      | a blink frog changed into a crocodile
  5887 | D:6      | Reached skill level 1 in Staves
  6158 | D:6      | Reached XP level 8. HP: 35/63 MP: 11/11
  6192 | D:6      | Reached skill level 5 in Polearms
  6734 | D:6      | Learned a level 3 spell: Mephitic Cloud
  6939 | D:6      | Found a sparkling altar of Nemelex Xobeh.
  6956 | D:6      | Found an ornate altar of the Wu Jian Council.
  7282 | D:6      | Reached skill level 1 in Conjurations
  7286 | D:6      | Noticed Eustachio
  7292 | D:6      | HP: 3/66 [Eustachio/+6 rapier of electrocution (11)]
  7299 | D:6      | Gained mutation: You occasionally shout uncontrollably at
                  | your foes. [potion of mutation]
  7299 | D:6      | Gained mutation: You are weak. (Str -2) [potion of
                  | mutation]
  7299 | D:6      | Lost mutation: You are weak. (Str -2) [potion of mutation]
  7299 | D:6      | Gained mutation: Your system is resistant to poisons.
                  | (rPois) [potion of mutation]
  8067 | D:6      | Lost mutation: You occasionally shout uncontrollably at
                  | your foes. [potion of mutation]
  8067 | D:6      | Lost mutation: Your system is resistant to poisons. (rPois)
                  | [potion of mutation]
  8067 | D:6      | Gained mutation: Your muscles are strong. (Str +2) [potion
                  | of mutation]
  8067 | D:6      | Gained mutation: Your flesh is heat resistant. (rF+)
                  | [potion of mutation]
  8090 | D:7      | Reached skill level 1 in Bows
  8119 | D:7      | Found the +3 salamander hide armour {+Rage rF++}
  8269 | D:7      | Learned a level 2 spell: Slow
  8283 | D:7      | Found an ancient bone altar of Kikubaaqudgha.
  8291 | D:7      | Reached XP level 9. HP: 69/71 MP: 13/13
  8360 | D:7      | Noticed Pikel
  8374 | D:7      | Killed Pikel
  8426 | D:7      | Found a staircase to the Ecumenical Temple.
  8477 | D:7      | Reached skill level 1 in Evocations
  8735 | D:7      | Reached skill level 1 in Hexes
  9287 | Temple   | Entered the Ecumenical Temple
  9434 | Temple   | Became a worshipper of Warmaster Okawaru
  9933 | D:8      | Found a sand-covered staircase.
  9940 | Ossuary  | Entered an ossuary
 10725 | D:8      | Slain by a wight

Levels and vault maps discovered:
D:1:      dpeg_arrival_round_c, layout_loops_ring, minmay_pentomino_v4
D:2:      layout_loops_ring, nicolae_qazlal_eye_of_the_storm, grunt_decor_cap,
          serial_bayou_pond_c, st_stairs_11
D:3:      layout_basic, nicolae_underground_beach
D:4:      layout_rooms, ashenzari_conservatory_becter, first_ration,
          grunt_dithmenos_smoke_and_mirrors, uniq_sigmund
D:5:      layout_loops_ring, feat_on_display, uniq_edmund,
          uniq_crazy_yiuf_cottage
D:6:      layout_loops_ring, nemelex_xobeh_ov_fountains_minmay,
          lemuel_crystal_altar, uniq_eustachio
D:7:      layout_basic, kennysheep_vampire_church,
          minmay_temple_entry_nine_rooms, uniq_pikel
D:8:      layout_layer_cave, kennysheep_little_box, gup_ossuary_entry_pyramid
Temple:   dshaligram_water_room_temple

Skill      XL: |  1  2  3  4  5  6  7  8  9 |
---------------+----------------------------+-----
Armour         | 1 2 3 4 |  4.0
Polearms       | 2 3 4 5 |  5.3
Dodging        | 2 |  2.9
Translocations | 3 4 |  4.1
Summonings     | 1 2 3 4 |  4.7
Spellcasting   | 2 3 |  3.0
Fighting       | 3 4 |  4.4
Staves         | 1 3 4 |  4.0
Conjurations   | 1 |  1.3
Bows           | 1 3 |  3.3
Evocations     | 2 |  2.3
Hexes          | 1 |  1.4
Throwing       | |  1.8
Charms         | |  0.8

Action                   |  1- 3 |  4- 6 |  7- 9 || total
-------------------------+-------+-------+-------++-------
Melee: Spear             |   190 |   114 |       ||   304
       Kick              |    25 |    23 |    61 ||   109
       Scythe            |       |       |    59 ||    59
       Quarterstaff      |       |       |   238 ||   238
       Trident           |       |       |    59 ||    59
 Fire: Shortbow          |       |       |   151 ||   151
Throw: Dart              |     3 |    25 |     3 ||    31
       Stone             |       |       |     9 ||     9
 Cast: Shroud of Golubri |     5 |     5 |     7 ||    17
       Call Imp          |       |     3 |    26 ||    29
       Magic Dart        |       |     1 |     1 ||     2
       Blink             |       |     1 |     3 ||     4
  Use: Potion            |       |     1 |     8 ||     9
       Scroll            |       |       |    10 ||    10
 Stab: Petrified         |       |       |     3 ||     3
  Eat: Chunk             |     3 |     2 |    12 ||    17
       Ration            |       |     1 |     3 ||     4
Armor: Leather armour    |    65 |     9 |   243 ||   317
       Ring mail         |       |    27 |       ||    27
       Skin              |       |       |     5 ||     5
Dodge: Dodged            |    75 |    36 |   285 ||   396
